 Dungeon Crawl Stone Soup version 0.29.0-4-gdea44cf6ec (webtiles) character file.

Game seed: 388051267313991795

18 qw the Chopper (level 2, -2/17 HPs)
             Began as a Tengu Warper on Aug 28, 2022.
             Slain by a gnoll
             ... wielding a +0 flail
              (5 damage)
             ... on level 2 of the Dungeon.
             The game lasted 00:00:06 (1613 turns).

qw the Chopper (Tengu Warper)                       Turns: 1613, Time: 00:00:07

Health: -2/17      AC:  4    Str: 11    XL:     2   Next: 70%
Magic:  0/6        EV: 11    Int: 13    God:
Gold:   43         SH:  0    Dex: 13    Spells: 5/5 levels left

rFire   + . .      SeeInvis .   Y - +2 hand axe
rCold   . . .      Faith    .   (no shield)
rNeg    . . .      Spirit   +   b - +0 leather armour
rPois   .          Reflect  .   (helmet restricted)
rElec   .          Harm     .   (no cloak)
rCorr   .          Rampage  .   g - +0 pair of gloves
Will    .....                   (boots unavailable)
Stlth   +.........              j - amulet of guardian spirit
HPRegen 0.05/turn               k - ring of protection from fire
MPRegen 0.10/turn               (no ring)

@: no status effects
A: beak, talons 3
a: no special abilities


You were on level 2 of the Dungeon.
You visited 1 branch of the dungeon, and saw 2 of its levels.

You collected 43 gold pieces.


Innate Abilities, Weirdness & Mutations

You have a beak for a mouth.
You have claws for feet.


   Skills:
 - Level 2.0 Fighting
 + Level 3.5 Axes
 - Level 1.0 Throwing
 - Level 1.1 Armour
 - Level 2.1 Dodging
 - Level 2.0 Spellcasting
 - Level 2.4 Translocations


You had 5 spell levels left.
You didn't know any spells.
Your spell library contained the following spells:

 Spells                   Type           Power      Damage    Failure   Level
 Blink                    Tloc           14%        N/A       19%         2
 Gell's Gravitas          Tloc           7%         N/A       36%         3
 Lesser Beckoning         Tloc           7%         N/A       36%         3
 Teleport Other           Tloc           7%         N/A       36%         3
 Manifold Assault         Tloc           7%         N/A       98%         5

Inventory:

Hand Weapons
 d - a +0 whip
 Y - a +2 hand axe (weapon)
Armour
 b - a +0 leather armour (worn)
 g - a +0 pair of gloves (worn)
Jewellery
 j - an amulet of guardian spirit (around neck)
 k - a ring of protection from fire (left hand)

Dungeon Overview and Level Annotations

Branches:
Dungeon (2/15)

Altars:


Message History

There is a stone staircase leading up here.
You start waiting.
Done waiting.
1505 ||| Stepping ~*~*~tactically~*~*~ (hiding).
There is a stone staircase leading up here.
You start waiting.
Done waiting.
The gnoll shouts!
You hear a shout! x2
A rat comes into view.
A gnoll comes into view. It is wielding a +0 halberd.
You hear a shout!
1607 ||| Stepping ~*~*~tactically~*~*~ (hiding).
There is a stone staircase leading up here.
A gnoll comes into view. It is wielding a +0 spear.
The gnoll shouts!
The gnoll hits you from afar with a +0 spear.
A gnoll comes into view. It is wielding a +0 flail.
The gnoll moves out of view.
Found a stone staircase leading down.
The gnoll closely misses you.
You hit the gnoll but do no damage. You claw the gnoll.
Your peck misses the gnoll.
The gnoll is moderately wounded.
The gnoll hits you from afar with a +0 halberd.
The gnoll completely misses you.
You barely miss the gnoll. Your kick misses the gnoll.
The gnoll is moderately wounded.
The gnoll hits you from afar with a +0 halberd.
The gnoll hits you but does no damage.
You closely miss the gnoll. Your kick misses the gnoll.
The gnoll is moderately wounded.
The gnoll barely misses you. The gnoll hits you with a +0 spear.
You hit the gnoll. You peck the gnoll, but do no damage.
The gnoll is severely wounded.
You hit the rat.
You kill the rat!
You hit the gnoll.
The gnoll hits you from afar with a +0 halberd!
The gnoll hits you with a +0 spear. The gnoll hits you with a +0 flail!
You die...

#...>....#
#........#
+$..[.....
##........#
.........+
###...g....#
####...g%.)...#
#......@gg.#
#.##...#...#
#..<#...#
#.###...# ...
...# #... #...
#... .... ##.
###.. #.


You could see 4 gnolls.

Vanquished Creatures
  A dart slug (D:1)
  2 ball pythons (D:1)
  2 giant cockroaches (D:1)
  2 goblins (D:1)
  3 jackals (D:1)
  A kobold (D:1)
  A quokka (D:1)
  A frilled lizard (D:1)
  2 rats
15 creatures vanquished.

Notes
Turn   | Place    | Note
-------+----------+-------------------------------------------
     0 | D:1      | qw the Tengu Warper began the quest for the Orb.
     0 | D:1      | Reached XP level 1. HP: 12/12 MP: 4/4
     0 | D:1      | 0 ||| qw: Version: 0.1-a-89-g26bdef1
     0 | D:1      | 0 ||| qw: Game counter: 451
     0 | D:1      | 0 ||| qw: Always use a shield: true
     0 | D:1      | 0 ||| qw: God list: Okawaru
     0 | D:1      | 0 ||| qw: Allow faded altars: false
     0 | D:1      | 0 ||| qw: Do Orc after D:15 true
     0 | D:1      | 0 ||| qw: Do second Lair branch before Depths: true
     0 | D:1      | 0 ||| qw: Lair rune preference: random
     0 | D:1      | 0 ||| qw: Plans: Normal
     0 | D:1      | 0 ||| PLANNING D:1-11
    63 | D:1      | Found a faded altar of an unknown god.
   312 | D:1      | Reached skill level 3 in Axes
   312 | D:1      | Reached XP level 2. HP: 17/17 MP: 6/6
   420 | D:1      | 420 ||| Stepping ~*~*~tactically~*~*~ (stealth).
   854 | D:1      | 854 ||| Stepping ~*~*~tactically~*~*~ (hiding).
   956 | D:1      | 956 ||| Stepping ~*~*~tactically~*~*~ (hiding).
   957 | D:1      | 957 ||| Stepping ~*~*~tactically~*~*~ (hiding).
  1234 | D:1      | 1234 ||| UPGRADING to +0 pair of gloves.
  1239 | D:1      | 1239 ||| UPGRADING to amulet of guardian spirit.
  1244 | D:1      | 1244 ||| UPGRADING to ring of protection from fire.
  1245 | D:1      | 1245 ||| READING scroll labelled QEQEIGG ONGE.
  1246 | D:1      | 1246 ||| READING scroll labelled TORRIB FOSHREIB.
  1247 | D:1      | 1247 ||| READING 2 scrolls labelled IQOUNNA QEUVIO.
  1248 | D:1      | 1248 ||| READING scroll of enchant weapon.
  1248 | D:1      | 1248 ||| ENCHANTING +1 hand axe.
  1249 | D:1      | 1249 ||| READING scroll labelled SAORE TARA.
  1250 | D:1      | 1250 ||| DROPPING scroll of blinking.
  1301 | D:2      | 1301 ||| Stepping ~*~*~tactically~*~*~ (hiding).
  1403 | D:2      | 1403 ||| Stepping ~*~*~tactically~*~*~ (hiding).
  1505 | D:2      | 1505 ||| Stepping ~*~*~tactically~*~*~ (hiding).
  1607 | D:2      | 1607 ||| Stepping ~*~*~tactically~*~*~ (hiding).
  1613 | D:2      | HP: 4/17 [gnoll/+0 halberd (6)]
  1613 | D:2      | Slain by a gnoll

Levels and vault maps discovered:
D:1:      eino_arrival_water_star, layout_basic, ebering_ecumenical_altar_box
D:2:      layout_basic, serial_shops, shop, minmay_quantized

Skill      XL: |  1 |
---------------+----+-----
Axes           | 3 |  3.5
Fighting       | |  2.0
Throwing       | |  1.0
Armour         | |  1.1
Dodging        | |  2.1
Spellcasting   | |  2.0
Translocations | |  2.4

Action                   || total
-------------------------++-------
Melee: Hand axe          ||    47
       Peck              ||     8
       Kick              ||     6
Throw: Boomerang         ||     7
  Use: Scroll            ||     5
Armor: Leather armour    ||    11
Dodge: Dodged            ||    25

Table legend:
 A = Non-vault XP
 B = Vault XP
 C = Vault XP percentage of total XP
 D = Non-vault monster count
 E = Vault monster count
 F = Vault count percentage of total count
                 A         B        C        D         E       F
            +---------+---------+-------+---------+---------+-------
      Total |      28 |       0 |   0.0 |      15 |       0 |   0.0
            +---------+---------+-------+---------+---------+-------
        D:1 |      27 |       0 |   0.0 |      14 |       0 |   0.0
        D:2 |       1 |       0 |   0.0 |       1 |       0 |   0.0
            +---------+---------+-------+---------+---------+-------
